 Dungeon Crawl Stone Soup version 0.19-a0-1782-g9923417 (webtiles) character file.

6580 TimeCube the Carver (level 11, -9/87 HPs)
             Began as a Formicid Abyssal Knight on Dec 4, 2016.
             Was a High Priest of Lugonu.
             Mangled by a sixfirhy (12 damage)
             ... summoned by an orc sorcerer
             ... on level 10 of the Dungeon.
             The game lasted 00:35:02 (13789 turns).

TimeCube the Carver (Formicid Abyssal Knight)      Turns: 13789, Time: 00:35:02

Health: -9/87      AC: 18    Str: 17    XL:     11   Next: 21%
Magic:  17/17      EV: 11    Int: 12    God:    Lugonu [*****.]
Gold:   425        SH:  0    Dex: 16    Spells: 0 memorised, 10 levels left

rFire  . . .     SeeInvis +     a - +1 falchion
rCold  + . .     Faith    .     k - +0 scale mail
rNeg   . . .     Spirit   .     (no shield)
rPois  +         Reflect  .     (helmet unavailable)
rElec  .                        q - +0 cloak
rCorr  .                        s - +1 pair of gloves {Dex+3}
MR     +....                    A - +2 pair of boots
Stlth  ..........               y - amulet of magic regeneration
                                w - ring of poison resistance
                                d - ring of protection from cold

@: drained
A: permanent stasis, dig shafts and tunnels, four strong arms, antennae 3,
talons 1, molten scales 1, yellow scales 1
a: Dig, Shaft Self, Depart the Abyss, Bend Space, Banish, Corrupt, Enter the
Abyss, Renounce Religion


You were on level 10 of the Dungeon.
You worshipped Lugonu.
Lugonu was extremely pleased with you.
You were not hungry.

You visited 1 branch of the dungeon, and saw 10 of its levels.
You visited the Abyss 1 time.

You collected 425 gold pieces.

Inventory:

Hand Weapons
 a - a +1 falchion (weapon)
Missiles
 e - 31 poisoned tomahawks (quivered)
 f - 2 tomahawks of dispersal
 g - 113 javelins
 u - 69 tomahawks
Armour
 k - a +0 scale mail (worn)
 q - a +0 cloak (worn)
 s - a +1 pair of gloves of dexterity (worn)
 A - a +2 pair of boots (worn)
 E - a +0 plate armour
Jewellery
 d - a ring of protection from cold (left hand)
 j - an uncursed ring of protection from magic
 w - a ring of poison resistance (right hand)
 y - an amulet of magic regeneration (around neck)
Wands
 l - a wand of polymorph (11/24)
 m - a wand of lightning (3/15)
 o - a wand of paralysis (7/24)
Scrolls
 c - 3 scrolls of enchant armour
 h - a scroll of immolation
 i - 3 scrolls of amnesia
 p - a scroll of remove curse
 t - 2 scrolls of fog
 D - a scroll of fear
Potions
 b - a potion of lignification
 n - a potion of cancellation
 v - 2 potions of brilliance
 x - 2 potions of curing
 z - a potion of agility
 B - 2 potions of might
 C - a potion of flight
Books
 r - a book of Unlife

   Spells                             Type                      Level
   a - Recall                         Summoning/Translocation      3
   b - Animate Dead                   Necromancy                   4
   c - Control Undead                 Necromancy                   4
   d - Cigotuvi's Embrace             Necromancy                   5
   e - Death Channel                  Necromancy                   6
   f - Simulacrum                     Ice/Necromancy               6


   Skills:
 + Level 8.7(8.2) Fighting
 * Level 10.6(10.0) Long Blades
 + Level 6.8(6.3) Armour
 - Level 4.0(3.5) Dodging
 + Level 8.9(8.4) Invocations


You had 10 spell levels left.
You didn't know any spells.

Dungeon Overview and Level Annotations

Branches:
Dungeon (10/15)            Temple (0/1) D:3             Orc (0/2) D:9
   Lair: D:-1         Crypt: Vaults:-1     Tomb: Vaults:-1

Altars:
Fedhas
Gozag
Hepliaklqana
Nemelex Xobeh
Ru
Trog
Yredelemnul
Zin

Shops:
D:5 }   D:8 !

Annotations:
D:7 2 runed doors


Innate Abilities, Weirdness & Mutations

You are under a permanent stasis effect.
You can dig through walls and to a lower floor.
Your four strong arms can wield two-handed weapons with a shield.
You have a pair of large antennae on your head. (SInv)
You have sharp toenails.
You are partially covered in molten scales. (AC +2)
You are partially covered in yellow scales. (AC +2)


Message History

The orc is severely wounded.
The orc priest invokes the aid of Beogh against you.
Beogh smites you!
* * * LOW HITPOINT WARNING * * *
Unknown command.
Evoke which item? (* to show all) (? for menu, Esc to quit)
Zapping:
m - a wand of lightning (will waste charges)
Press: ? - help, Shift-Dir - straight line You hear a mighty clap of thunder!
The bolt of lightning misses the orc sorcerer. x2
The bolt of lightning hits the orc.
You kill the orc!
Lugonu accepts your kill. x2
You feel a bit more experienced.
Evoking this partially-identified wand wasted a few charges.
The sixfirhy hits you but does no damage.
The sixfirhy hits you (8)!
* * * LOW HITPOINT WARNING * * *
The sixfirhy shocks you (12)!
You die...

+...'......#
#####......#
#......#
#......#
###'#### #.#
#.## #..###
##3@o# ###[#


{{{{ooo {{oooo# {{ooo# {ooo# ...# ...# You could see a sixfirhy, an orc
sorcerer, an orc priest and 11 orcs.

Vanquished Creatures
  2 trolls
  A two-headed ogre (D:9)
  A wraith (D:8)
  4 yaks
  2 wyverns
  An angry ghost (D:9)
  Edmund (D:5)
  A water moccasin (D:8)
  3 orc warriors
  A wasp (D:9)
  A black bear (D:8)
  An ice beast (D:9)
  5 centaurs
  5 ogres
  4 phantoms
  Blork the orc (D:6)
  A water moccasin zombie (D:6)
  2 bullfrogs
  A wyvern zombie (D:8)
  A water moccasin skeleton (D:7)
  3 scorpions
  A troll zombie (D:9)
  9 killer bees
  A howler monkey (D:5)
  4 crimson imps
  8 orc priests
  4 jellies (D:8)
  2 centaur skeletons
  4 hounds
  14 orc wizards
  4 iguanas
  A killer bee zombie (D:8)
  4 worker ants
  7 ogre zombies (D:9)
  6 gnolls
  14 adders
  6 shadow imps
  7 oozes
  2 dart slugs
  3 leopard geckos
  38 orcs
  6 giant cockroaches
  4 goblins
  5 hobgoblins
  6 jackals
  6 bats
  2 frilled lizards
  5 goblin zombies (D:9)
  2 hobgoblin zombies (D:9)
  5 kobolds
  3 orc skeletons (D:9)
  14 orc zombies (D:9)
  7 rats
246 creatures vanquished.

Vanquished Creatures (others)
  A troll (D:7)
1 creature vanquished.

Grand Total: 247 creatures vanquished

Notes
Turn   | Place    | Note
-------+----------+-------------------------------------------
     0 | Abyss:1  | TimeCube the Formicid Abyssal Knight began the quest for the Orb.
     0 | Abyss:1  | Reached XP level 1. HP: 18/18 MP: 2/2
    13 | Abyss:2  | Noticed a sun demon
    21 | Abyss:2  | Noticed a wretched star
    23 | D:1      | Escaped the Abyss
    89 | D:1      | Reached * piety under Lugonu
   164 | D:1      | Reached XP level 2. HP: 15/24 MP: 3/3
   280 | D:1      | Reached skill level 1 in Dodging
   731 | D:1      | Reached XP level 3. HP: 21/29 MP: 4/4
  1312 | D:2      | Found a hazy altar of Hepliaklqana.
  1337 | D:2      | You fall through a shaft for 2 floors!
  1347 | D:4      | Reached skill level 3 in Long Blades
  1347 | D:4      | Reached XP level 4. HP: 26/37 MP: 5/5
  1362 | D:4      | Gained mutation: You are partially covered in molten scales. (AC +2) [potion of mutation]
  1362 | D:4      | Gained mutation: You have sharp toenails. [potion of mutation]
  1362 | D:4      | Gained mutation: You are partially covered in yellow scales. (AC +2) [potion of mutation]
  1669 | D:4      | Reached ** piety under Lugonu
  1669 | D:4      | Reached XP level 5. HP: 20/42 MP: 5/7
  2285 | D:4      | You fall through a shaft!
  2285 | D:5      | Entered Level 5 of the Dungeon
  2613 | D:5      | Reached XP level 6. HP: 18/49 MP: 8/8
  3031 | D:4      | You fall through a shaft!
  3045 | D:5      | Reached skill level 4 in Long Blades
  3392 | D:5      | Noticed Edmund
  3462 | D:5      | Killed Edmund
  3462 | D:5      | Reached XP level 7. HP: 10/55 MP: 9/9
  3724 | D:5      | Found Aczetudd's Gadget Boutique.
  4185 | D:5      | Reached skill level 5 in Fighting
  4196 | D:5      | Reached skill level 5 in Long Blades
  4688 | D:5      | Reached XP level 8. HP: 34/62 MP: 11/11
  4870 | D:5      | Reached skill level 5 in Invocations
  5606 | D:3      | Found a bloodstained altar of Trog.
  5622 | D:3      | Reached skill level 6 in Long Blades
  5647 | D:3      | Found an opulent altar of Gozag.
  5650 | D:3      | Found a sacrificial altar of Ru.
  5863 | D:2      | Found a sparkling altar of Nemelex Xobeh.
  5946 | D:3      | Reached *** piety under Lugonu
  5995 | D:3      | Found a staircase to the Ecumenical Temple.
  6249 | D:6      | Found a glowing silver altar of Zin.
  6775 | D:6      | Reached XP level 9. HP: 63/69 MP: 13/13
  7097 | D:6      | Noticed Blork the orc
  7108 | D:6      | Killed Blork the orc
  7108 | D:6      | Reached skill level 7 in Long Blades
  7485 | D:7      | Noticed a troll
  7490 | D:7      | Banished a troll
  7506 | D:7      | Found a basalt altar of Yredelemnul.
  7973 | D:7      | Found a runed door.
  7993 | D:7      | Found a runed door.
  8024 | D:7      | Reached skill level 8 in Long Blades
  8870 | D:8      | Found Hahepiud's Distillery.
  8948 | D:8      | Reached XP level 10. HP: 52/79 MP: 15/15
  9159 | D:8      | Reached skill level 5 in Armour
  9453 | D:8      | Reached **** piety under Lugonu
  9660 | D:8      | Reached skill level 9 in Long Blades
 11472 | D:9      | Found a blossoming altar of Fedhas.
 11495 | D:9      | Reached skill level 10 in Long Blades
 11896 | D:9      | Reached XP level 11. HP: 32/87 MP: 17/17
 13012 | D:9      | Found a staircase to the Orcish Mines.
 13239 | D:10     | Entered Level 10 of the Dungeon
 13353 | D:9      | Reached ***** piety under Lugonu
 13762 | D:10     | Noticed an orc sorcerer
 13781 | D:10     | Noticed a sixfirhy
 13789 | D:10     | HP: 3/87 [sixfirhy[an orc sorcerer] (8)]
 13789 | D:10     | Mangled by a sixfirhy

Vault maps used:
D:1:      roderic_crop_circles_arrival_small
D:2:      lemuel_round_altar, nemelex_dance_club_becter
D:3:      nicolae_overflow_hidden_temple
D:4:      first_bread
D:5:      serial_shops, shop, uniq_edmund
D:6:      basic_altar, sigmund_army, uniq_blork_the_orc
D:7:      lemuel_insect_pit, kennysheep_little_box, minmay_misc_feat_five
D:8:      serial_shops, nicolae_shop_behind_doors,
          hangedman_little_slice_of_home
D:9:      zombieorc2_lemuel, basic_altar
D:10:     hangedman_minor_magic, uniq_erolcha
Abyss:2:  onia_ninara_dug_in_and_dangerous

Skill      XL: |  1  2  3  4  5  6  7  8  9 10 |
---------------+-------------------------------+-----
Dodging        | 1 2 3 4 |  4.0
Long Blades    | 3 4 5 6 8 10 | 10.6
Fighting       | 4 5 7 8 |  8.7
Invocations    | 3 4 5 7 8 |  8.9
Armour         | 3 4 6 |  6.8

Action                   |  1- 3 |  4- 6 |  7- 9 | 10-12 || total
-------------------------+-------+-------+-------+-------++-------
Melee: Falchion          |    98 |   201 |   709 |   828 ||  1836
       Kick              |       |    50 |    17 |       ||    67
Throw: Tomahawk          |       |    12 |    16 |     6 ||    34
Invok: Depart the Abyss  |     1 |       |       |       ||     1
       Banish            |       |       |     2 |       ||     2
 Abil: Dig               |       |     1 |       |       ||     1
       Shaft Self        |       |     2 |       |       ||     2
Evoke: Wand              |       |       |       |     1 ||     1
  Use: Potion            |       |     4 |     1 |     5 ||    10
       Scroll            |       |       |    13 |     2 ||    15
Armor: Leather armour    |    17 |    52 |       |       ||    69
       Scale mail        |       |     9 |   295 |   293 ||   597
Dodge: Dodged            |    51 |   100 |   283 |   334 ||   768
